 Dungeon Crawl Stone Soup version 0.29.0-4-gdea44cf6ec (webtiles) character file.

Game seed: 12703008853848056330

8713 qw the Cleaver (level 11, 0/94 HPs)
             Began as a Minotaur Fighter on Sept 5, 2022.
             Slain by a gnoll sergeant
             ... wielding a +4 spear of freezing
              (2 damage)
             ... on level 10 of the Dungeon.
             The game lasted 00:03:38 (8829 turns).

qw the Cleaver (Minotaur Fighter)                   Turns: 8829, Time: 00:03:39

Health: 0/94       AC: 21    Str: 26    XL:     11   Next: 13%
Magic:  10/10      EV:  5    Int:  5    God:
Gold:   789        SH: 16    Dex:  9    Spells: 10/10 levels left

rFire   . . .      SeeInvis +   Y - +1 broad axe (flame)
rCold   . . .      Faith    .   b - +0 tower shield
rNeg    . . .      Spirit   .   k - +0 plate armour
rPois   .          Reflect  .   n - +2 hat
rElec   .          Harm     .   c - +1 cloak {Will+}
rCorr   .          Rampage  .   (no gloves)
Will    +....                   (no boots)
Stlth   ..........              (no amulet)
HPRegen 0.25/turn               j - +4 ring of protection
MPRegen 0.12/turn               t - ring of see invisible

@: lethally poisoned (0 -> -4), about to teleport
A: horns 2, retaliatory headbutt
a: no special abilities


You were on level 10 of the Dungeon.
You visited 1 branch of the dungeon, and saw 10 of its levels.
You also visited: Sewer.

You collected 879 gold pieces.
You spent 90 gold pieces at shops.


Innate Abilities, Weirdness & Mutations

You have a pair of horns on your head.
You reflexively headbutt those who attack you in melee.


   Skills:
 - Level 8.0 Fighting
 + Level 13.6 Axes
 - Level 1.6 Throwing
 - Level 6.1 Armour
 - Level 2.2 Dodging
 - Level 13.0 Shields


You had 10 spell levels left.
You didn't know any spells.
Your spell library was empty.

Inventory:

Hand Weapons
 Y - a +1 broad axe of flaming (weapon)
Missiles
 u - 6 boomerangs (quivered)
Armour
 b - a +0 tower shield (worn)
 c - a +1 cloak of willpower (worn)
 k - a +0 plate armour (worn)
 n - a +2 hat (worn)
Jewellery
 f - a ring of protection from cold
 j - a +4 ring of protection (left hand)
 l - a ring of protection from fire
 m - a ring of resist corrosion
 t - a ring of see invisible (right hand)
 w - a ring of fire
Scrolls
 e - 2 scrolls of identify
Potions
 d - 2 potions of might
 g - a potion of cancellation
 i - 4 potions of haste
 o - a potion of resistance
 p - 2 potions of curing
 r - a potion of heal wounds
 z - a potion of magic {unknown}

Dungeon Overview and Level Annotations

Branches:
Dungeon (10/15)            Temple (0/1) D:7           Sewer (visited)
   Lair: D:8-11         Orc: D:9-12

Altars:
Ashenzari
Dithmenos
Elyvilon
Fedhas
Kikubaaqudgha
Okawaru
Sif Muna
Trog
Vehumet
Xom
Yredelemnul

Shops:
D:2 ?


Message History

You hit the gnoll sergeant. You burn the gnoll sergeant.
The gnoll sergeant is lightly wounded.
You slash the gnoll! You burn the gnoll.
You kill the gnoll!
You feel very sick.
The yaktaur wields a +0 arbalest.
The yaktaur shoots a bolt.
You block the bolt. You block the gnoll sergeant's attack.
You hear a shout!
You slash the gnoll sergeant! You burn the gnoll sergeant.
The gnoll sergeant is severely wounded.
You feel very sick. You block the gnoll sergeant's attack.
The yaktaur shoots a bolt.
The bolt hits you!! The gnoll sergeant blocks your attack.
The gnoll sergeant is severely wounded.
You feel very sick.
A gnoll comes into view.
It is wielding a +0 halberd and quivering poisoned darts.
The gnoll sergeant hits you with a +7 trident of venom.
The gnoll sergeant blocks your attack.
You headbutt the gnoll sergeant.
The gnoll sergeant is almost dead.
You feel sick.
A yak comes into view.
You block the gnoll sergeant's attack.
You slash the gnoll sergeant! You burn the gnoll sergeant.
You kill the gnoll sergeant!
You slash the gnoll sergeant! You burn the gnoll sergeant.
You feel sick.
A yak comes into view.
You block the gnoll sergeant's attack.
A five-headed hydra comes into view.
The gnoll sergeant hits you with a +4 spear of freezing!
The gnoll sergeant freezes you.
8829 ||| READING scroll of teleportation.
As you read the scroll of teleportation, it crumbles to dust.
You feel strangely unstable.
You feel sick.
The five-headed hydra roars!
The gnoll sergeant hits you with a +4 spear of freezing.
The gnoll sergeant freezes you.
You die...

'## . .D.# .##
....# ..# .....
#.# ....#.#
.###..#.#
..Y.Ygg)# #@# #.#
##.# ##..#
##..#########
#+###....<.......
........#########
..##....# ####.#


You could see a five-headed hydra, 2 yaks, a gnoll sergeant and a gnoll.

Vanquished Creatures
  Gastronok (D:9)
  A two-headed ogre (D:9)
  Pikel (D:6)
  Maggie (D:9)
  An unseen horror (D:9)
  3 trolls
  A meliai (shapeshifter) (D:10)
  A hornet (D:10)
  4 slime creatures (D:9)
  A shadow (D:10)
  A wyvern (D:9)
  2 steam dragons
  2 water moccasins
  Pargi (Sewer)
  2 sky beasts (D:7)
  3 orc warriors
  An ice beast (D:6)
  A black bear (D:8)
  2 centaurs
  3 lemures (D:6)
  A phantom (D:7)
  3 necrophages
  A kobold brigand (D:9)
  A bullfrog (D:8)
  Blork the orc (D:6)
  A gnoll sergeant (D:10)
  2 scorpions
  16 wights
  9 killer bees
  An electric eel (D:9)
  A howler monkey (D:10)
  A jelly (D:5)
  5 orc priests
  2 iguanas
  7 orc wizards
  A gnoll (D:10)
  7 adders
  A shadow imp (D:7)
  A white imp (D:7)
  2 ufetubi
  2 worms
  2 dart slugs (D:4)
  20 orcs
  5 ball pythons
  11 endoplasms
  8 giant cockroaches
  5 hobgoblins
  8 jackals
  7 kobolds
  4 quokkas
  10 bats
  2 frilled lizards
  4 goblins
  6 rats
191 creatures vanquished.

Vanquished Creatures (others)
  Maurice (D:8)
1 creature vanquished.

Grand Total: 192 creatures vanquished

Notes
Turn   | Place    | Note
-------+----------+-------------------------------------------
     0 | D:1      | qw the Minotaur Fighter began the quest for the Orb.
     0 | D:1      | Reached XP level 1. HP: 19/19 MP: 0/0
     0 | D:1      | 0 ||| qw: Version: 0.1-a-104-g96f76f8
     0 | D:1      | 0 ||| qw: Game counter: 5865
     0 | D:1      | 0 ||| qw: Always use a shield: true
     0 | D:1      | 0 ||| qw: God list: Ru
     0 | D:1      | 0 ||| qw: Allow faded altars: false
     0 | D:1      | 0 ||| qw: Do Orc after D:15 true
     0 | D:1      | 0 ||| qw: Do second Lair branch before Depths: true
     0 | D:1      | 0 ||| qw: Lair rune preference: random
     0 | D:1      | 0 ||| qw: Plans: Normal
     0 | D:1      | 0 ||| PLANNING D:1-11
   225 | D:1      | Reached skill level 3 in Axes
   336 | D:1      | Reached XP level 2. HP: 26/26 MP: 1/1
   399 | D:1      | Found a faded altar of an unknown god.
   648 | D:1      | 648 ||| UPGRADING to +4 ring of protection.
   649 | D:1      | 649 ||| READING scroll labelled KOAWNE LOOSKYUZA.
   650 | D:1      | 650 ||| READING scroll labelled BENLEATIST.
   791 | D:2      | 791 ||| Stepping ~*~*~tactically~*~*~ (stealth).
   792 | D:2      | 792 ||| Stepping ~*~*~tactically~*~*~ (stealth).
   847 | D:2      | Reached XP level 3. HP: 28/31 MP: 2/2
   891 | D:2      | Found Curycvur's Magic Scroll Emporium.
   901 | D:2      | 901 ||| BUYING scroll of enchant armour (90 gold).
   901 | D:2      | Bought a scroll of enchant armour for 90 gold pieces
   901 | D:2      | 901 ||| SHOPLISTING scroll of enchant armour (90 gold, have
                  | 12).
   901 | D:2      | 901 ||| SHOPLISTING scroll of enchant weapon (90 gold, have
                  | 12).
   901 | D:2      | 901 ||| SHOPLISTING scroll of identify (24 gold, have 12).
   901 | D:2      | 901 ||| SHOPLISTING scroll of teleportation (36 gold, have
                  | 12).
  1451 | D:2      | 1451 ||| UPGRADING to +0 chain mail.
  1461 | D:2      | 1461 ||| DROPPING +0 scale mail.
  1462 | D:2      | 1462 ||| UPGRADING to +0 cloak.
  1467 | D:2      | 1467 ||| READING scroll of enchant armour.
  1467 | D:2      | 1467 ||| ENCHANTING +0 cloak.
  1468 | D:2      | 1468 ||| UPGRADING to ring of protection from cold.
  1469 | D:2      | 1469 ||| READING scroll labelled FUSTRA HAEVU.
  1470 | D:2      | 1470 ||| DRINKING 2 yellow potions.
  1576 | D:2      | 1576 ||| DROPPING potion of berserk rage.
  1695 | D:3      | 1695 ||| Stepping ~*~*~tactically~*~*~ (stealth).
  1804 | D:3      | Reached XP level 4. HP: 39/39 MP: 3/3
  2360 | D:3      | 2360 ||| READING scroll labelled LIURANKEYB.
  2361 | D:3      | 2361 ||| READING scroll labelled NEKUNG FIYSH.
  2362 | D:3      | 2362 ||| READING scroll labelled PUZ UGEDYTYU.
  2363 | D:3      | 2363 ||| READING scroll labelled BAFIROGO KOTIY.
  2364 | D:3      | 2364 ||| DRINKING 2 lumpy coppery potions.
  2365 | D:3      | 2365 ||| DROPPING potion of brilliance.
  2400 | D:4      | 2400 ||| PLANNING SEWER
  2438 | D:4      | Reached skill level 6 in Axes
  2450 | D:4      | Reached skill level 1 in Dodging
  2497 | D:4      | Reached XP level 5. HP: 42/45 MP: 4/4
  2751 | D:4      | 2751 ||| Stepping ~*~*~tactically~*~*~ (stealth).
  2772 | D:4      | Reached XP level 6. HP: 51/51 MP: 5/5
  2892 | D:4      | 2892 ||| DROPPING +0 whip.
  2990 | D:4      | Found a glowing drain.
  2993 | D:4      | 2993 ||| READING scroll labelled QUEKKEYHI.
  3008 | Sewer    | Entered a sewer
  3057 | Sewer    | Noticed Pargi
  3078 | Sewer    | Killed Pargi
  3166 | Sewer    | 3166 ||| UPGRADING to +3 chain mail.
  3176 | Sewer    | 3176 ||| DROPPING +0 chain mail.
  3185 | D:4      | 3185 ||| PLANNING D:1-11
  3215 | D:5      | Entered Level 5 of the Dungeon
  3434 | D:5      | Found a broken altar of Ashenzari.
  3605 | D:5      | Found a basalt altar of Yredelemnul.
  3613 | D:5      | Reached XP level 7. HP: 59/59 MP: 6/6
  3679 | D:5      | 3679 ||| Stepping ~*~*~tactically~*~*~ (stealth).
  3681 | D:5      | 3681 ||| Stepping ~*~*~tactically~*~*~ (stealth).
  3683 | D:5      | 3683 ||| Stepping ~*~*~tactically~*~*~ (hiding).
  3689 | D:5      | Reached skill level 9 in Axes
  3731 | D:5      | Found a shimmering blue altar of Sif Muna.
  3749 | D:5      | Found a white marble altar of Elyvilon.
  3749 | D:5      | Found a blossoming altar of Fedhas.
  4079 | D:5      | 4079 ||| UPGRADING to ring of see invisible.
  4081 | D:5      | 4081 ||| READING scroll labelled VOPUC ITHO.
  4081 | D:5      | Identified a scroll of acquirement
  4081 | D:5      | 4081 ||| ACQUIRING +1 broad axe of flaming
  4081 | D:5      | Acquired a +1 broad axe of flaming
  4083 | D:5      | 4083 ||| SWAPPING to +1 broad axe of flaming.
  4084 | D:5      | 4084 ||| DROPPING +0 flail.
  4085 | D:5      | 4085 ||| DROPPING +1 war axe.
  4086 | D:5      | 4086 ||| READING 2 scrolls of identify.
  4086 | D:5      | 4086 ||| IDENTIFYING smoky dark potion
  4087 | D:5      | 4087 ||| DROPPING potion of flight.
  4271 | D:6      | Noticed a steam dragon
  4275 | D:6      | Killed a steam dragon
  4278 | D:6      | Noticed Blork the orc
  4279 | D:6      | 4279 ||| FLEEEEING.
  4280 | D:6      | 4280 ||| Stepping ~*~*~tactically~*~*~ (hiding).
  4281 | D:6      | 4281 ||| Stepping ~*~*~tactically~*~*~ (hiding).
  4292 | D:6      | Killed Blork the orc
  4293 | D:6      | Reached skill level 1 in Throwing
  4296 | D:6      | Reached XP level 8. HP: 22/69 MP: 7/7
  4568 | D:6      | Reached skill level 6 in Fighting
  4702 | D:6      | 4702 ||| Stepping ~*~*~tactically~*~*~ (stealth).
  4704 | D:6      | 4704 ||| Stepping ~*~*~tactically~*~*~ (stealth).
  4734 | D:6      | Noticed Pikel
  4742 | D:6      | Killed Pikel
  4824 | D:6      | Found a shadowy altar of Dithmenos.
  4853 | D:6      | Found a bloodstained altar of Trog.
  5024 | D:6      | 5024 ||| READING scroll labelled RUIHEO USATISE.
  5076 | D:7      | 5076 ||| Stepping ~*~*~tactically~*~*~ (stealth).
  5078 | D:7      | 5078 ||| Stepping ~*~*~tactically~*~*~ (stealth).
  5087 | D:7      | Reached skill level 12 in Axes
  5287 | D:7      | Reached XP level 9. HP: 74/76 MP: 8/8
  5904 | D:7      | Found a staircase to the Ecumenical Temple.
  5951 | D:7      | 5951 ||| Stepping ~*~*~tactically~*~*~ (hiding).
  5952 | D:7      | 5952 ||| Stepping ~*~*~tactically~*~*~ (hiding).
  6138 | D:7      | 6138 ||| UPGRADING to +0 tower shield.
  6148 | D:7      | 6148 ||| DROPPING +0 buckler.
  6149 | D:7      | 6149 ||| DRINKING 2 blue potions.
  6150 | D:7      | 6150 ||| DRINKING 2 red potions.
  6151 | D:7      | 6151 ||| READING 2 scrolls of identify.
  6151 | D:7      | 6151 ||| IDENTIFYING metallic sapphire potion
  6218 | D:8      | Noticed a troll
  6229 | D:8      | Killed a troll
  6230 | D:8      | Reached skill level 6 in Shields
  6482 | D:8      | 6482 ||| Stepping ~*~*~tactically~*~*~ (stealth).
  6485 | D:8      | Noticed Maurice
  6494 | D:8      | HP: 17/79 [poisoned by a killer bee]
  6495 | D:8      | 6495 ||| DRINKING potion of heal wounds.
  6499 | D:8      | Killed Maurice
  6767 | D:8      | Found a shimmering altar of Xom.
  6773 | D:8      | Found a radiant altar of Vehumet.
  6836 | D:8      | Found an iron altar of Okawaru.
  7351 | D:8      | 7351 ||| READING scroll of acquirement.
  7351 | D:8      | 7351 ||| ACQUIRING ring of fire
  7351 | D:8      | Acquired a ring of fire
  7354 | D:8      | 7354 ||| UPGRADING to +0 cloak of willpower.
  7364 | D:8      | 7364 ||| READING scroll labelled MEARCH IDUO.
  7365 | D:8      | 7365 ||| READING scroll labelled PELAYS JUCIUDD.
  7369 | D:8      | 7369 ||| DRINKING 3 bubbling amethyst potions.
  7394 | D:8      | 7394 ||| DROPPING 2 potions of lignification.
  7430 | D:9      | Reached XP level 10. HP: 60/86 MP: 9/9
  7432 | D:9      | Reached skill level 9 in Shields
  7433 | D:9      | 7433 ||| STAIRDANCE
  7550 | D:9      | Found an ancient bone altar of Kikubaaqudgha.
  7705 | D:9      | Noticed Gastronok
  7707 | D:9      | 7707 ||| FLEEEEING.
  7708 | D:9      | 7708 ||| FLEEEEING.
  7709 | D:9      | 7709 ||| FLEEEEING.
  7723 | D:9      | Killed Gastronok
  7969 | D:9      | Noticed Maggie
  7975 | D:9      | Killed Maggie
  7976 | D:9      | Reached skill level 12 in Shields
  7983 | D:9      | Noticed a two-headed ogre
  7991 | D:9      | Killed a two-headed ogre
  8017 | D:9      | 8017 ||| Stepping ~*~*~tactically~*~*~ (hiding).
  8018 | D:9      | 8018 ||| Stepping ~*~*~tactically~*~*~ (hiding).
  8253 | D:9      | 8253 ||| Stepping ~*~*~tactically~*~*~ (stealth).
  8255 | D:9      | 8255 ||| Stepping ~*~*~tactically~*~*~ (hiding).
  8257 | D:9      | 8257 ||| Stepping ~*~*~tactically~*~*~ (hiding).
  8314 | D:9      | 8314 ||| Stepping ~*~*~tactically~*~*~ (stealth).
  8329 | D:9      | 8329 ||| READING scroll of enchant armour.
  8329 | D:9      | 8329 ||| ENCHANTING +0 cloak of willpower.
  8499 | D:9      | Reached XP level 11. HP: 83/94 MP: 10/10
  8546 | D:9      | 8546 ||| UPGRADING to +0 plate armour.
  8556 | D:9      | 8556 ||| DROPPING +3 chain mail.
  8557 | D:9      | 8557 ||| UPGRADING to +2 hat.
  8562 | D:9      | 8562 ||| DROPPING +1 cloak.
  8563 | D:9      | 8563 ||| READING scroll labelled SIPNUH RUTOGRO.
  8746 | D:9      | 8746 ||| DRINKING 2 sedimented clear potions.
  8747 | D:9      | 8747 ||| READING 3 scrolls of identify.
  8747 | D:9      | 8747 ||| IDENTIFYING smoky sapphire potion
  8748 | D:9      | 8748 ||| READING 2 scrolls of identify.
  8748 | D:9      | 8748 ||| IDENTIFYING viscous ruby potion
  8749 | D:9      | 8749 ||| DROPPING potion of attraction.
  8750 | D:9      | 8750 ||| DROPPING potion of degeneration.
  8760 | D:10     | Entered Level 10 of the Dungeon
  8781 | D:10     | Reached skill level 6 in Armour
  8803 | D:10     | 8803 ||| Stepping ~*~*~tactically~*~*~ (hiding).
  8805 | D:10     | 8805 ||| Stepping ~*~*~tactically~*~*~ (hiding).
  8828 | D:10     | Noticed a five-headed hydra
  8828 | D:10     | HP: 12/94 [gnoll sergeant/+4 spear of freezing (14)]
  8829 | D:10     | 8829 ||| READING scroll of teleportation.
  8829 | D:10     | HP: 2/94 [gnoll sergeant/+4 spear of freezing (5)]
  8829 | D:10     | Slain by a gnoll sergeant

Levels and vault maps discovered:
D:1:      minmay_arrival_hallway, layout_basic,
          hellmonk_ecumenical_altar_run_dry
D:2:      layout_loops_ring, serial_shops,
          nicolae_shop_competitors_out_of_business
D:3:      layout_loops_ring, hangedman_decor_peaks_small
D:4:      layout_rooms, gup_sewer_entry_pipe
D:5:      layout_basic, gammafunk_temple_overflow_statue,
          mainiacjoe_overflow_small_starburst, kennysheep_mini,
          amcnicky_altar_gilded
D:6:      layout_basic, mainiacjoe_overflow_two_lobes, uniq_pikel,
          uniq_blork_the_orc
D:7:      layout_loops_ring, minmay_temple_entry_statues
D:8:      layout_basic, minitemple, general_overflow_altar, uniq_maurice
D:9:      layout_cave_pools, mainiacjoe_overflow_concentric_impassable,
          serial_park, serial_park_fountain, serial_park_square3
          [serial_park_minivault_5x5_3], serial_park_tiny_pond, uniq_maggie,
          uniq_gastronok
D:10:     minmay_the_grid_octo_tiled_octocenter
          [minmay_the_grid_octo_vomiting_pacman,
          minmay_the_grid_octo_concentric, minmay_the_grid_octo_fan_narrow,
          minmay_the_grid_octo_pinwheel,
          minmay_the_grid_octo_prize_square_snowflake,
          minmay_the_grid_square_5x5_hourglass, minmay_the_grid_square_5x5_v,
          minmay_the_grid_square_5x5_checkered_sparse,
          minmay_the_grid_square_5x5_checkered], layout_basic, lair_entry_dummy,
          special_room [special_room_bee], st_stairs_3, minivault_4

Skill      XL: |  1  2  3  4  5  6  7  8  9 10 11 |
---------------+----------------------------------+-----
Axes           | 3 4 5 6 7 8 10 12 13 | 13.6
Dodging        | 1 2 |  2.2
Fighting       | 4 5 6 7 8 |  8.0
Throwing       | 1 |  1.6
Armour         | 4 5 6 |  6.1
Shields        | 4 8 13 | 13.0

Action                   |  1- 3 |  4- 6 |  7- 9 | 10-12 || total
-------------------------+-------+-------+-------+-------++-------
Melee: War axe           |    85 |   132 |    13 |       ||   230
       Headbutt          |     7 |    13 |    23 |    26 ||    69
       Broad axe         |       |       |   164 |   123 ||   287
Throw: Boomerang         |       |       |    52 |    23 ||    75
  Use: Scroll            |     4 |     5 |     7 |     5 ||    21
       Potion            |     1 |     1 |     4 |     1 ||     7
Armor: Scale mail        |    22 |       |       |       ||    22
       Chain mail        |    14 |    82 |   124 |    37 ||   257
       Plate armour      |       |       |       |    13 ||    13
Dodge: Dodged            |    30 |    68 |    57 |    30 ||   185
Block: Buckler           |    14 |    24 |    21 |       ||    59
       Tower shield      |       |       |    38 |    95 ||   133

Table legend:
 A = Non-vault XP
 B = Vault XP
 C = Vault XP percentage of total XP
 D = Non-vault monster count
 E = Vault monster count
 F = Vault count percentage of total count
                 A         B        C        D         E       F
            +---------+---------+-------+---------+---------+-------
      Total |    6424 |    6024 |  48.4 |     159 |      30 |  15.9
            +---------+---------+-------+---------+---------+-------
        D:1 |      21 |       0 |   0.0 |      14 |       0 |   0.0
        D:2 |      51 |       0 |   0.0 |      22 |       0 |   0.0
        D:3 |      38 |       0 |   0.0 |      14 |       0 |   0.0
        D:4 |     334 |      12 |   3.5 |      22 |       6 |  21.4
        D:5 |     181 |       0 |   0.0 |      11 |       0 |   0.0
        D:6 |     894 |     728 |  44.9 |      13 |       2 |  13.3
        D:7 |    1553 |       0 |   0.0 |      19 |       0 |   0.0
        D:8 |    1091 |     289 |  20.9 |      13 |       1 |   7.1
        D:9 |    2163 |    3742 |  63.4 |      29 |      10 |  25.6
       D:10 |      98 |    1104 |  91.8 |       2 |       5 |  71.4
      Sewer |       0 |     149 | 100.0 |       0 |       6 | 100.0
            +---------+---------+-------+---------+---------+-------
